 Dungeon Crawl Stone Soup version 0.17.1-3-g152610e (webtiles) character file.

59 GFox the Insei (level 3, -6/28 HPs)
             Began as a Draconian Transmuter on Mar 19, 2016.
             Mangled by Sigmund
             ... wielding a +0 scythe
              (7 damage)
             ... on level 2 of the Dungeon on Mar 20, 2016.
             The game lasted 00:14:58 (1934 turns).

GFox the Insei (Draconian Transmuter)               Turns: 1934, Time: 00:15:01

Health: -6/28      AC:  5    Str: 12    XL:     3   Next: 78%
Magic:  6/7        EV: 13    Int: 18    God:
Gold:   63         SH:  0    Dex: 12    Spells: 1 memorised, 6 levels left

rFire  . . .     SeeInvis .       - Unarmed
rCold  . . .     Clarity  .     (armour unavailable)
rNeg   . . .     SustAt   .     (no shield)
rPois  .         Gourm    .     (helmet restricted)
rElec  .         Spirit   .     (no cloak)
rCorr  .         Warding  .     (no gloves)
rMut   .         Stasis   .     (no boots)
MR     .....                    k - amulet of regeneration
Stlth  +.........               (no ring)
                                (no ring)

@: brilliant, appendage, not resistant to hostile enchantments, very unstealthy
A: unfitting armour, horns 2, cold-blooded, AC +5
a: End Transformation


You were on level 2 of the Dungeon.
You were not hungry.
You had grown temporary horns.
You visited 1 branch of the dungeon, and saw 2 of its levels.

You collected 63 gold pieces.

Inventory:

Jewellery
 k - an amulet of regeneration (around neck)
Scrolls
 e - 2 scrolls of remove curse {unknown}
 h - a scroll of enchant armour {unknown}
 i - a scroll of magic mapping {unknown}
Potions
 d - a potion of heal wounds {unknown}
 f - a potion of resistance {unknown}
 g - a potion of lignification {unknown}
Books
 b - a book of Changes

   Spells                             Type                      Level
   a - Beastly Appendage              Transmutation                1
   b - Sticks to Snakes               Transmutation                2
   c - Spider Form                    Transmutation/Poison         3
   d - Ice Form                       Ice/Transmutation            4
   e - Blade Hands                    Transmutation                5
Comestibles
 c - 3 bread rations
 j - 7 chunks of flesh


   Skills:
 + Level 1.2 Fighting
 + Level 2.8 Dodging
 + Level 3.2 Unarmed Combat
 + Level 2.6 Spellcasting
 + Level 2.2 Transmutations


You had 6 spell levels left.
You knew the following spells:

 Your Spells              Type           Power        Failure   Level  Hunger
a - Beastly Appendage     Trmt           ###...       1%          1    #......


Dungeon Overview and Level Annotations

Branches:
Dungeon (2/15)

Altars:

Annotations:
D:2 Sigmund


Innate Abilities, Weirdness & Mutations

Your plain brown scales are hard (AC +5).
Your body does not fit into most forms of armour.
You are cold-blooded and may be slowed by cold attacks.
You have a pair of horns on your head.


Message History

Sigmund hits you but does no damage. The bat hits you but does no damage.
You barely miss Sigmund. You tail-slap Sigmund.
Sigmund is moderately wounded.
The bat hits you.
* * * LOW HITPOINT WARNING * * *
Sigmund misses you. The hound closely misses you.
Drink which item? (? for menu, Esc to quit)
It was a potion of brilliance.
You feel clever all of a sudden. The bat hits you but does no damage.
The hound bites you but does no damage. The bat hits you.
* * * LOW HITPOINT WARNING * * *
Unknown command.
You barely miss Sigmund. Your headbutt misses Sigmund.
Your tail-slap misses Sigmund.
Sigmund is moderately wounded.
The bat hits you but does no damage. The hound bites you.
* * * LOW HITPOINT WARNING * * *
Sigmund hits you with a scythe!
You die...

##.#......... ...
##.#............
###.#...#..#.#..
......#.######...######.
######.#...#..#.#..#...#
##.#...)8.......8....
##.#..................
##.#.....8.........8...
#.#............@@..?...
#.#........8....h$.8....
.#...............b......
#.......................
####.#########..####.###
# #.## ... #.# #.# #.#
>. ...


You could see Sigmund, a hound and a bat.

Vanquished Creatures
  A gnoll (D:1)
  2 adders (D:2)
  6 hobgoblins
  3 jackals (D:1)
  2 bats (D:1)
  5 giant cockroaches
  2 giant geckos (D:1)
  2 giant newts
  6 goblins
  A kobold (D:1)
  3 rats
33 creatures vanquished.

Notes
Turn   | Place    | Note
--------------------------------------------------------------
     0 | D:1      | GFox the Draconian Transmuter began the quest for the Orb.
     0 | D:1      | Reached XP level 1. HP: 16/16 MP: 3/3
   227 | D:1      | Reached XP level 2. HP: 14/23 MP: 3/5
  1471 | D:1      | Reached XP level 3. HP: 20/28 MP: 4/6
  1924 | D:2      | Noticed Sigmund
  1934 | D:2      | HP: 1/28 [hound (4)]
  1934 | D:2      | Mangled by Sigmund

Action                   || total
-------------------------++-------
Melee: Unarmed           ||   128
 Cast: Beastly Appendage ||    18
  Use: Scroll            ||     1
       Potion            ||     1
  Eat: Bread ration      ||     1
